 Dungeon Crawl Stone Soup version 0.19-a0-1935-g874f678 (webtiles) character file.

12086 PurpleRed the Severer (level 11, -7/102 HPs)
             Began as a Minotaur Fighter on Oct 26, 2016.
             Was a Priest of Makhleb.
             Mangled by a hill giant
             ... wielding a +0 giant spiked club
              (24 damage)
             ... on level 11 of the Dungeon.
             The game lasted 00:23:59 (10399 turns).

PurpleRed the Severer (Minotaur Fighter)           Turns: 10399, Time: 00:24:00

Health: -7/102     AC: 16    Str: 24    XL:     11   Next: 57%
Magic:  10/10      EV:  8    Int:  5    God:    Makhleb [***...]
Gold:   162        SH:  2    Dex: 10    Spells: 0 memorised, 10 levels left

rFire  + . .     SeeInvis .     j - +0 battleaxe
rCold  . . .     Gourm    .     e - +2 chain mail {rF+}
rNeg   . . .     Faith    .     (shield currently unavailable)
rPois  .         Spirit   .     (helmet restricted)
rElec  .         Reflect  +     r - +1 cloak
rCorr  +         Harm     .     (no gloves)
MR     .....                    (no boots)
Stlth  ..........               h - +2 amulet of reflection
                                (no ring)
                                k - ring of resist corrosion

@: no status effects
A: retaliatory headbutt, horns 2
a: Minor Destruction, Lesser Servant of Makhleb, Renounce Religion


You were on level 11 of the Dungeon.
You worshipped Makhleb.
Makhleb was most pleased with you.
You were not hungry.

You visited 2 branches of the dungeon, and saw 12 of its levels.

You collected 502 gold pieces.
You spent 340 gold pieces at shops.

Inventory:

Hand Weapons
 a - a +1 war axe
 j - a +0 battleaxe (weapon)
Missiles
 d - a throwing net (quivered)
Armour
 e - a +2 chain mail of fire resistance (worn)
 r - a +1 cloak (worn)
Jewellery
 h - a +2 amulet of reflection (around neck)
 k - a ring of resist corrosion (left hand)
 v - an uncursed ring of wizardry
Wands
 b - a wand of paralysis (0/24)
 m - a wand of random effects (18/48)
 t - a wand of paralysis (2/24)
 y - a wand of paralysis (18/24)
 B - a wand of iceblast (7/15)
Scrolls
 g - 2 scrolls of recharging
 i - 2 scrolls of immolation
 l - 7 scrolls of remove curse
 n - 3 scrolls of enchant weapon
 C - a scroll of magic mapping
Potions
 c - a potion of curing
 q - 2 potions of flight {unknown}
 s - a potion of brilliance
 u - a potion of resistance
 w - 2 potions of lignification {unknown}
 x - a potion of agility
 z - a potion of cancellation
 A - a potion of magic {unknown}
Books
 D - a book of Necromancy

   Spells                             Type                      Level
   a - Pain                           Necromancy                   1
   b - Animate Skeleton               Necromancy                   1
   c - Vampiric Draining              Necromancy                   3
   d - Regeneration                   Charms/Necromancy            3
   e - Animate Dead                   Necromancy                   4
   f - Control Undead                 Necromancy                   4
Comestibles
 f - 3 bread rations
 o - a chunk of flesh
 p - 2 meat rations


   Skills:
 + Level 11.5 Fighting
 * Level 15.0 Axes
 + Level 11.6 Armour
   Level 3.6 Shields


You had 10 spell levels left.
You didn't know any spells.

Dungeon Overview and Level Annotations

Branches:
Dungeon (11/15)            Temple (1/1) D:7             Orc (0/2) D:11
   Lair: D:8-11

Altars:
Ashenzari
Cheibriados
Dithmenos
Elyvilon
Fedhas
Gozag
Hepliaklqana
Makhleb
Nemelex Xobeh
Okawaru
Qazlal
Ru
Sif Muna
Trog
Uskayaw
Vehumet
Xom
Yredelemnul
Zin

Shops:
D:9 !   D:10 :[}*?   D:11 (

Annotations:
D:5 bombasticus's ghost, amateur OpVM
D:8 PurpleRed's ghost, novice MiFi


Innate Abilities, Weirdness & Mutations

You reflexively headbutt those who attack you in melee.
You have a pair of horns on your head.


Message History

The wight barely misses you.
You closely miss the wight. You slash the hill giant!
Your headbutt misses the hill giant.
The hill giant is lightly wounded.
You hit the hill giant but do no damage.
The hill giant is lightly wounded.
The hill giant hits you with a giant spiked club!!
You slash the hill giant! Your headbutt misses the hill giant.
The hill giant is heavily wounded.
The hill giant hits you with a giant spiked club!!
You hit the hill giant. Your headbutt misses the hill giant.
The hill giant is heavily wounded.
You slice the hill giant!!
The hill giant is severely wounded.
The hill giant hits you with a giant spiked club!!
* * * LOW HITPOINT WARNING * * *
You barely miss the hill giant.
The hill giant is severely wounded.
The hill giant hits you with a giant spiked club!!
You die...

.# #.# #......# # ## #.#
#####'## # #.# # #.# #
#####+## . # ###
#......#### ##'# # ..#
#......'..# ..... #
..#####......##.##z.....
#
..##..'......##.@Czz....
+
.....##......#####z.....
# ..#####......# ..... #
### ######## .... ###


You could see a hill giant and 4 wights.

Vanquished Creatures
  Josephine (D:11)
  Erica (D:9)
  An unseen horror (D:11)
  An orc knight (D:11)
  An ugly thing (D:11)
  2 trolls (D:10)
  Prince Ribbit (D:6)
  A two-headed ogre (D:9)
  2 hippogriffs
  5 wraiths (D:11)
  A hungry ghost (D:7)
  6 yaks (D:11)
  Grum (D:9)
  Duvessa (D:6)
  4 ice beasts
  A black bear (D:6)
  10 orc warriors
  A sky beast (D:9)
  3 necrophages
  4 phantoms
  3 ogres
  4 wolves (D:9)
  5 centaurs
  A crocodile (D:10)
  Blork the orc (D:5)
  A big kobold (D:10)
  3 bullfrogs
  2 wyvern zombies
  Dowan (D:6)
  2 wyvern skeletons
  2 scorpions
  6 killer bees (D:10)
  3 howler monkeys
  3 crimson imps
  A jelly (D:9)
  A quasit (D:11)
  3 bullfrog zombies
  16 orc wizards
  6 hounds
  8 orc priests
  2 bullfrog skeletons
  2 iguanas
  7 worker ants
  2 killer bee zombies (D:6)
  2 hound skeletons
  Robin (D:3)
  A worker ant zombie (D:6)
  10 gnolls
  A howler monkey skeleton (D:9)
  13 adders
  2 shadow imps
  An ooze (D:1)
  An adder zombie (D:10)
  3 adder skeletons
  2 worms (D:3)
  6 dart slugs
  2 leopard geckos
  43 orcs
  7 bats
  A giant cockroach (D:5)
  18 goblins
  10 hobgoblins
  11 jackals
  2 quokkas
  2 ball pythons
  12 frilled lizards
  10 kobolds
  7 rats
301 creatures vanquished.

Notes
Turn   | Place    | Note
-------+----------+-------------------------------------------
     0 | D:1      | PurpleRed the Minotaur Fighter began the quest for the Orb.
     0 | D:1      | Reached XP level 1. HP: 19/19 MP: 0/0
   208 | D:1      | Reached XP level 2. HP: 25/27 MP: 1/1
   315 | D:1      | Reached skill level 3 in Axes
   845 | D:2      | Reached XP level 3. HP: 27/33 MP: 2/2
  1033 | D:2      | Reached skill level 4 in Axes
  1033 | D:2      | Reached XP level 4. HP: 36/41 MP: 3/3
  1702 | D:3      | Reached XP level 5. HP: 41/47 MP: 4/4
  1762 | D:3      | Reached skill level 5 in Armour
  1797 | D:3      | Found a faded altar of an unknown god.
  1849 | D:3      | Noticed Robin
  1875 | D:3      | Killed Robin
  2166 | D:4      | Reached skill level 5 in Fighting
  2166 | D:4      | Reached skill level 5 in Axes
  2251 | D:4      | Reached XP level 6. HP: 20/56 MP: 5/5
  2573 | D:4      | Reached skill level 6 in Axes
  2682 | D:4      | Reached XP level 7. HP: 50/61 MP: 6/6
  2824 | D:4      | Reached skill level 7 in Axes
  2923 | D:5      | Entered Level 5 of the Dungeon
  2979 | D:5      | Noticed Blork the orc
  2988 | D:5      | Killed Blork the orc
  3211 | D:5      | HP: 3/64 [poisoned by an orc wizard]
  3563 | D:5      | Reached skill level 8 in Axes
  3563 | D:5      | Reached XP level 8. HP: 41/71 MP: 7/7
  3729 | D:5      | Noticed bombasticus's ghost (amateur OpVM)
  3825 | D:6      | Noticed Prince Ribbit
  3885 | D:6      | Killed Prince Ribbit
  3949 | D:6      | Reached skill level 9 in Axes
  4402 | D:6      | Reached skill level 10 in Axes
  4402 | D:6      | Reached XP level 9. HP: 16/81 MP: 8/8
  4864 | D:6      | Noticed Duvessa
  4864 | D:6      | Noticed Dowan
  4871 | D:6      | Killed Duvessa
  4876 | D:6      | Killed Dowan
  5153 | D:7      | Found a staircase to the Ecumenical Temple.
  5166 | Temple   | Entered the Ecumenical Temple
  5206 | Temple   | Became a worshipper of Makhleb the Destroyer
  5935 | D:8      | Noticed PurpleRed's ghost (novice MiFi)
  6165 | D:9      | Reached skill level 11 in Axes
  6218 | D:9      | Found Roleroef's Distillery.
  6230 | D:8      | HP: 2/82 [ogre/giant club (16)]
  6816 | D:9      | Bought a potion of agility for 40 gold pieces
  6816 | D:9      | Bought a potion of might for 40 gold pieces
  6816 | D:9      | Bought a potion of heal wounds for 50 gold pieces
  6816 | D:9      | Bought a potion of curing for 30 gold pieces
  6816 | D:9      | Bought a potion of haste for 100 gold pieces
  7115 | D:9      | Noticed Erica
  7133 | D:9      | Reached XP level 10. HP: 58/91 MP: 9/9
  7147 | D:9      | Killed Erica
  7147 | D:9      | Reached skill level 12 in Axes
  7330 | D:9      | Reached * piety under Makhleb
  7330 | D:9      | Reached skill level 10 in Armour
  7344 | D:9      | Noticed Grum
  7393 | D:9      | HP: 4/93 [wolf[Grum] (6)]
  7621 | D:9      | Bought a potion of cancellation for 80 gold pieces
  7757 | D:9      | Killed Grum
  7757 | D:9      | Reached skill level 10 in Fighting
  7973 | D:9      | Reached skill level 13 in Axes
  8156 | D:10     | Entered Level 10 of the Dungeon
  8173 | D:10     | Found Watyti Asusa's Gadget Shoppe.
  8181 | D:10     | Found Ubauc's General Store.
  8237 | D:10     | Reached ** piety under Makhleb
  8239 | D:10     | Found a shattered altar of Ashenzari.
  8649 | D:10     | Found Suclud's Magic Scroll Boutique.
  8726 | D:10     | Found Nauginiu's Armour Shoppe.
  8835 | D:10     | Found Ippul's Book Shoppe.
  9210 | D:11     | Reached XP level 11. HP: 101/101 MP: 10/10
  9272 | D:11     | Noticed Josephine
  9289 | D:11     | Killed Josephine
  9289 | D:11     | Reached skill level 14 in Axes
  9660 | D:11     | Killed an unseen horror
  9770 | D:11     | Reached *** piety under Makhleb
  9773 | D:11     | Found a shadowy altar of Dithmenos.
  9860 | D:11     | Found Efruhoip's Weapon Shop.
  9861 | D:11     | Noticed an orc knight
  9872 | D:11     | Noticed a purple ugly thing
  9886 | D:11     | Killed a purple ugly thing
  9917 | D:11     | Found a staircase to the Orcish Mines.
  9946 | D:11     | Killed an orc knight
  9948 | D:11     | Reached skill level 15 in Axes
 10390 | D:11     | Noticed a hill giant
 10399 | D:11     | Mangled by a hill giant

Vault maps used:
D:1:      erik_arrival_cave_to_civilisation, minmay_misc_feat_x, st_stairs_2,
          serial_park_tiny_1
D:2:      minmay_lizard_king
D:3:      ecumenical_altar_2, first_bread, uniq_robin
D:5:      fountainhead, uniq_blork_the_orc
D:6:      uniq_prince_ribbit1, uniq_duvessa
D:8:      lair_0_dummy, serial_shops, shop, the_bakery, kennysheep_doodads
D:9:      serial_shops, kennysheep_mini_moat, uniq_grum, uniq_erica
D:10:     serial_shops, shop, kennysheep_little_box, nicolae_shop_statue_plus,
          shop_statue, shop, ashenzari_altar_1
D:11:     orc_david_3, grunt_dithmenos_smoke, uniq_josephine
Temple:   grunt_wide_crystal_templ

Skill      XL: |  1  2  3  4  5  6  7  8  9 10 11 |
---------------+----------------------------------+-----
Axes           | 3 4 5 6 8 10 11 13 15 | 15.0
Armour         | 4 5 6 8 9 10 11 | 11.6
Fighting       | 4 5 6 8 9 10 11 | 11.5
Shields        | |  3.6

Action                   |  1- 3 |  4- 6 |  7- 9 | 10-12 || total
-------------------------+-------+-------+-------+-------++-------
Melee: War axe           |    93 |   200 |   183 |       ||   476
       Headbutt          |    13 |    25 |    52 |    64 ||   154
       Battleaxe         |       |       |   139 |   340 ||   479
Evoke: Wand              |       |       |     5 |       ||     5
  Use: Potion            |       |     1 |     7 |     6 ||    14
       Scroll            |       |       |    15 |     5 ||    20
 Stab: Paralysed         |       |       |     2 |       ||     2
  Eat: Chunk             |       |     6 |    11 |    11 ||    28
       Beef jerky        |       |       |     1 |       ||     1
       Bread ration      |       |       |     1 |       ||     1
       Royal jelly       |       |       |     1 |       ||     1
Armor: Scale mail        |    15 |       |       |       ||    15
       Chain mail        |    46 |   108 |   194 |   218 ||   566
Dodge: Dodged            |    22 |    36 |   102 |   145 ||   305
Block: Shield            |    48 |   107 |    78 |       ||   233
       Other             |       |       |       |    14 ||    14
       Reflection        |       |       |       |     1 ||     1
